 Dungeon Crawl Stone Soup version 0.27-a0-679-g77a6b55cf3 (webtiles) character file.

Game seed: 15981403203574202663

690 jestyr24 the Skirmisher (level 7, -1/79 HPs)
             Began as an Ogre Hunter on Mar 19, 2021.
             Was an Initiate of Wu Jian.
             Killed by divine providence
             ... invoked by an orc priest
              (9 damage)
             ... on level 6 of the Dungeon.
             The game lasted 00:12:47 (4298 turns).

jestyr24 the Skirmisher (Ogre Hunter)               Turns: 4298, Time: 00:12:47

Health: -1/79      AC:  9    Str: 18    XL:     7   Next: 63%
Magic:  7/7        EV:  9    Int: 12    God:    Wu Jian [......]
Gold:   149        SH:  0    Dex: 10    Spells: 6/6 levels left

rFire    + . .     SeeInvis .   f - +2 whip (elec)
rCold    . . .     Faith    .   (no shield)
rNeg     . . .     Spirit   .   m - +2 robe {rF+}
rPois    .         Reflect  .   (helmet restricted)
rElec    .         Harm     .   (no cloak)
rCorr    .         Rampage  .   (gloves unavailable)
Will     .....                  (boots unavailable)
Stlth    +.........             (no amulet)
HPRegen  0.23/turn              l - +4 ring of protection
MPRegen  0.10/turn              (no ring)

@: no status effects
A: large, unfitting armour, tough skin 1
a: Renounce Religion


You were on level 6 of the Dungeon.
You worshipped Wu Jian.
Wu Jian was noncommittal.
You visited 1 branch of the dungeon, and saw 5 of its levels.

You collected 149 gold pieces.

Inventory:

Hand Weapons
 a - a +0 mace
 f - a +2 whip of electrocution (weapon)
Missiles
 c - 5 large rocks
 d - 2 throwing nets
 h - 11 sling bullets
 n - 16 poisoned darts
 q - 5 boomerangs (quivered)
Armour
 b - a +0 pair of gloves
 m - a +2 robe of fire resistance (worn)
Jewellery
 l - a +4 ring of protection (right hand)
Wands
 o - a wand of random effects (5)
Scrolls
 e - 2 scrolls of blinking {unknown}
 i - a scroll of silence {unknown}
 j - a scroll of immolation {unknown}
 p - 2 scrolls of teleportation {unknown}
Potions
 g - a potion of brilliance {unknown}
 k - 2 potions of haste {unknown}
 r - a potion of lignification {unknown}


   Skills:
 * Level 7.6 Fighting
 + Level 7.2 Throwing
 - Level 1.7 Dodging
 - Level 0.6 Stealth


You had 6 spell levels left.
You didn't know any spells.
Your spell library was empty.

Dungeon Overview and Level Annotations

Branches:
Dungeon (4/15)
 Temple: D:4-7

Altars:
Vehumet
Wu Jian
Yredelemnul

Annotations:
D:6 Edmund


Innate Abilities, Weirdness & Mutations

You are too large for most types of armour.
You have tough skin. (AC +1)


Message History

Press: ? - help, Q - select action, (/) - cycle Shift-Dir - straight line, f/p - orc warrior
Aim: an orc warrior, wielding a +0 mace and wearing a +0 chain mail (lightly wounded, 60% to hit)
You throw a boomerang.
The boomerang closely misses the orc warrior.
The orc priest begins to cast a cantrip, but forgets the words!
You barely miss the orc warrior.
The orc warrior is lightly wounded.
The orc warrior closely misses you.
You hit the orc warrior.
The orc warrior is moderately wounded.
The orc warrior hits you with a +0 mace!!
You hit the orc warrior but do no damage.
Lightning courses through the orc warrior!!
The orc warrior is almost dead.
The orc warrior hits you with a +0 mace!
The white imp gestures at you. The puff of frost hits you.
You hit the orc warrior.
You kill the orc warrior!
The Council accepts your kill. The white imp gestures at you.
The puff of frost hits you.
You whack the orc priest!
The orc priest is severely wounded.
The orc priest hits you with a +0 flail.
The white imp barely misses you.
You completely miss the orc priest.
The orc priest is heavily wounded.
The orc priest hits you but does no damage.
The orc priest hits you with a +0 flail.
The white imp gestures at you. The puff of frost hits you!
* * * LOW HITPOINT WARNING * * *
The orc priest mumbles some strange prayers to Beogh against you.
Beogh smites you!
* * * LOW HITPOINT WARNING * * *
The orc priest casts a cantrip, but nothing happens.
The orc priest calls down the wrath of Beogh upon you.
Beogh smites you!
You die...

#.# #.# #.## #.## ....
...# ########..## #..##
#..........# #...##
#..........# .. #.#..##
#..........#... #.##..###
#..........#...
#.###...###....(@........
#.# ###......####........
..#######.†### ##5...###.
.###........# ##.@.#..)..
.# ########..##..o.#..###
.# #....#o## .# .#
#..##.)# # .# #....... .#
#..####))


You could see Edmund, 2 orc priests and a white imp.

Vanquished Creatures
  Sigmund (D:2)
  An orc warrior (D:6)
  A howler monkey (D:2)
  3 orc priests
  A hound (D:6)
  Jessica (D:2)
  Natasha (thrice) (D:3)
  2 orc wizards
  A worker ant zombie (D:6)
  4 adders
  An ooze (D:6)
  2 worms (D:2)
  2 dart slugs
  2 leopard geckos
  5 orcs
  2 ball pythons (D:1)
  2 giant cockroaches (D:3)
  7 goblins
  6 hobgoblins
  7 jackals (D:1)
  2 quokkas (D:1)
  4 bats
  3 frilled lizards
  10 kobolds
  7 rats
80 creatures vanquished.

Notes
Turn   | Place    | Note
-------+----------+-------------------------------------------
     0 | D:1      | jestyr24 the Ogre Hunter began the quest for the Orb.
     0 | D:1      | Reached XP level 1. HP: 22/22 MP: 1/1
   570 | D:1      | Reached XP level 2. HP: 29/29 MP: 2/2
  1177 | D:1      | Reached XP level 3. HP: 37/37 MP: 3/3
  1894 | D:2      | Reached skill level 5 in Throwing
  1946 | D:2      | Noticed Jessica
  1957 | D:2      | Killed Jessica
  1958 | D:2      | Reached XP level 4. HP: 21/48 MP: 4/4
  2133 | D:2      | Noticed Sigmund
  2135 | D:2      | Killed Sigmund
  2136 | D:2      | Reached skill level 5 in Fighting
  2136 | D:2      | Reached XP level 5. HP: 57/57 MP: 5/5
  2136 | D:2      | Reached XP level 6. HP: 66/66 MP: 6/6
  3033 | D:3      | Noticed Natasha
  3042 | D:3      | Killed Natasha
  3106 | D:3      | Noticed Natasha
  3117 | D:3      | Killed Natasha
  3443 | D:3      | Reached XP level 7. HP: 76/76 MP: 7/7
  3567 | D:3      | Noticed Natasha
  3577 | D:3      | Killed Natasha
  3701 | D:3      | Found an ornate altar of the Wu Jian Council.
  3802 | D:3      | Became a worshipper of the Wu Jian Council
  4053 | D:4      | Found a radiant altar of Vehumet.
  4055 | D:4      | Found a basalt altar of Yredelemnul.
  4118 | D:4      | You fall into a shaft and drop 2 floors!
  4283 | D:6      | Noticed Edmund
  4298 | D:6      | Killed from afar by an orc priest

Illustrated notes

Levels and vault maps discovered:
D:1:      dpeg_arrival_boxes_within_box, layout_loops_corners,
          minmay_misc_feat_chi
D:2:      layout_loops_ring, uniq_sigmund, uniq_jessica
D:3:      layout_basic, nicolae_wu_jian_wuxing_cycle, uniq_natasha
D:4:      layout_basic, grunt_temple_overflow_open
D:6:      layout_rooms, lemuel_coloured_pillars_altar, uniq_menkaure,
          uniq_edmund

Skill      XL: |  1  2  3  4  5  6  7 |
---------------+----------------------+-----
Fighting       | 3 4 5 6 7 |  7.6
Throwing       | 5 6 7 |  7.2
Dodging        | |  1.7
Stealth        | |  0.6

Action                   |  1- 3 |  4- 6 |  7- 9 || total
-------------------------+-------+-------+-------++-------
Melee: Short sword       |    11 |       |       ||    11
       Whip              |    76 |    70 |    40 ||   186
Throw: Large rock        |     4 |     2 |       ||     6
       Boomerang         |       |       |    16 ||    16
Armor: Robe              |    12 |    17 |    13 ||    42
Dodge: Dodged            |    40 |    25 |    26 ||    91

Table legend: (Time is in decaauts)
 A = Elapsed time spent in this place.
 B = Non-inter-level travel time spent in this place.
 C = Inter-level travel time spent in this place.
 D = Time resting spent in this place.
 E = Time spent auto-exploring this place.
 F = Levels seen in this place.
 G = Mean time per level.
                   A        B        C        D        E       F      G
               +--------+--------+--------+--------+--------+-----+--------+
         Total |   4321 |   4189 |    132 |    790 |   2635 |   5 |  864.2 |
       Dungeon |   4321 |   4189 |    132 |    790 |   2635 |   5 |  864.2 |
               +--------+--------+--------+--------+--------+-----+--------+

Top non-repeatable levels by time:
     D:1: 1737 daAuts
     D:2: 1261 daAuts
     D:3: 1012 daAuts
     D:6: 180 daAuts
     D:4: 130 daAuts
